 Dungeon Crawl Stone Soup version 0.29-a0-1008-g949cc1d0fb (webtiles) character file.

Game seed: 6016625869698486236

508 Klosterheim the Shooter (level 7, 0/52 HPs)
             Began as a Human Hunter on Aug 7, 2022.
             Was an Initiate of Yredelemnul.
             Slain by a black bear (4 damage)
             ... on level 3 of the Dungeon.
             The game lasted 00:12:11 (3600 turns).

Klosterheim the Shooter (Human Hunter)              Turns: 3600, Time: 00:12:13

Health: 0/52       AC:  6    Str: 11    XL:     7   Next: 42%
Magic:  0/7        EV:  9    Int: 11    God:    Yredelemnul [......]
Gold:   206        SH:  0    Dex: 17    Spells: 6/6 levels left

rFire   . . .      SeeInvis .   a - +1 shortbow
rCold   . . .      Faith    .   (shield currently unavailable)
rNeg    . . .      Spirit   +   f - +0 scale mail
rPois   .          Reflect  .   (no helmet)
rElec   .          Harm     .   (no cloak)
rCorr   .          Rampage  .   (no gloves)
Will    .....                   (no boots)
Stlth   ..........              d - amulet of guardian spirit
HPRegen 0.17/turn               (no ring)
MPRegen 0.10/turn               (no ring)

@: brilliant, weak-willed, attractive
A: no striking features
a: Renounce Religion, Recall Undead Harvest


You were on level 3 of the Dungeon.
You worshipped Yredelemnul.
Yredelemnul was noncommittal.
You visited 1 branch of the dungeon, and saw 4 of its levels.

You collected 206 gold pieces.

Inventory:

Hand Weapons
 a - a +1 shortbow (weapon)
 l - a +8 club
Missiles
 h - 2 curare-tipped darts
Armour
 f - a +0 scale mail (worn)
Jewellery
 d - an amulet of guardian spirit (around neck)
 e - the amulet "Biudghoo" {Faith rElec rF+ Str+3}
   (You acquired it on level 4 of the Dungeon)

   [amulet of faith]

   It allows you to gain divine favour quickly.
   Str:       It affects your strength (+3).
   rF:        It protects you from fire.
   rElec:     It insulates you from electricity.
 g - a ring of fire
Scrolls
 b - 3 scrolls of immolation
 i - a scroll of torment
Potions
 k - a potion of curing


   Skills:
 - Level 3.0 Fighting
 * Level 7.7 Ranged Weapons
 - Level 3.0 Dodging
 - Level 1.0 Stealth


You had 6 spell levels left.
You didn't know any spells.
Your spell library was empty.

Dungeon Overview and Level Annotations

Branches:
Dungeon (4/15)
 Temple: D:4-7

Altars:
Vehumet
Wu Jian
Xom
Yredelemnul
Zin


Message History

The black bear claws you.
* * * LOW HITPOINT WARNING * * *
The black bear barely misses you.
The black bear attacks as you move away!
The black bear barely misses you. The black bear claws you.
* * * LOW HITPOINT WARNING * * *
The black bear claws you but does no damage.
There is a stone staircase leading up, spattered with blood here.
The black bear bites you but does no damage.
The black bear claws you but does no damage.
The black bear claws you.
* * * LOW HITPOINT WARNING * * *
You climb upwards.
There is a stone staircase leading down here.
Fire: a) +1 shortbow
Press: ? - help, Q - select action, (/) - cycle Shift-Dir - straight line You shoot an arrow.
The black bear bites you.
* * * LOW HITPOINT WARNING * * *
The black bear claws you.
* * * LOW HITPOINT WARNING * * *
The black bear claws you.
* * * LOW HITPOINT WARNING * * *
Unknown command.
Fire: a) +1 shortbow
Press: ? - help, Q - select action, (/) - cycle Shift-Dir - straight line, f - black bear
Aim: a black bear (weak-willed, 72% to hit)
You shoot an arrow.
The arrow closely misses the black bear.
The black bear bites you but does no damage.
The black bear closely misses you.
The black bear claws you but does no damage.
Fire: a) +1 shortbow
Press: ? - help, Q - select action, (/) - cycle Shift-Dir - straight line, f/p - black bear
Aim: a black bear (weak-willed, 72% to hit)
You shoot an arrow. The arrow hits the black bear.
The black bear is lightly wounded.
The black bear bites you.
You die...
Your body rises from the dead as a mindless zombie.

#.. ######
##############
#....#
#####.............
##.#.#
#......#########.#
#.#.#
#....>))..........
#Z#Z#
#......#####.###.#
#Z#Z# #......# #.#
#.# #.#Z# #......#
#.# #.. #.#Z#
#@h....# #.# #..
#Z#.# #......# #.#
#.# #Z#.# #......#
#.# #.# ##Z#Z#
#......#####.# #..
#.Z#.#
#.........##.#####
##Z#.#
#####.....##......
#Z#.#
#.....#######.
#.#.########.....#
#.
#.#.#............#
#.


You could see a black bear (weak-willed).

Vanquished Creatures
  Sigmund (D:3)
  A phantom (D:4)
  Jessica (D:2)
  An iguana (D:4)
  4 gnolls (D:3)
  10 adders
  2 worms
  3 dart slugs
  8 ball pythons
  4 endoplasms
  4 giant cockroaches
  5 goblins
  6 hobgoblins
  2 quokkas (D:2)
  3 bats
  A frilled lizard (D:3)
  5 kobolds
  6 rats
67 creatures vanquished.

Vanquished Creatures (collateral kills)
  2 adders (D:2)
  A worm (D:2)
3 creatures vanquished.

Vanquished Creatures (others)
  An angel (D:3)
  An endoplasm zombie (D:4)
  A hobgoblin zombie (D:4)
  A kobold zombie (D:4)
4 creatures vanquished.

Grand Total: 74 creatures vanquished

Notes
Turn   | Place    | Note
-------+----------+-------------------------------------------
     0 | D:1      | Klosterheim the Human Hunter began the quest for the Orb.
     0 | D:1      | Reached XP level 1. HP: 16/16 MP: 1/1
   146 | D:1      | Reached XP level 2. HP: 22/22 MP: 2/2
   761 | D:2      | Reached XP level 3. HP: 28/28 MP: 3/3
   855 | D:2      | Reached XP level 4. HP: 23/34 MP: 4/4
  1290 | D:2      | Noticed Jessica
  1298 | D:2      | Killed Jessica
  1299 | D:2      | Reached skill level 5 in Ranged Weapons
  1457 | D:2      | Reached XP level 5. HP: 40/40 MP: 5/5
  1469 | D:2      | Found an ornate altar of the Wu Jian Council.
  1808 | D:3      | Noticed Sigmund
  1811 | D:3      | Killed Sigmund
  1812 | D:3      | Reached skill level 6 in Ranged Weapons
  1812 | D:3      | Reached XP level 6. HP: 47/47 MP: 6/6
  2001 | D:3      | Found a radiant altar of Vehumet.
  2014 | D:3      | Found a basalt altar of Yredelemnul.
  2055 | D:3      | Became a worshipper of Yredelemnul the Dark
  2087 | D:3      | Noticed an angel
  2089 | D:3      | Found a shimmering altar of Xom.
  2091 | D:3      | Found a glowing silver altar of Zin.
  2329 | D:3      | Killed an angel
  2439 | D:3      | Reached skill level 7 in Ranged Weapons
  2440 | D:3      | Reached XP level 7. HP: 51/52 MP: 7/7
  2447 | D:3      | Reached * piety under Yredelemnul
  2964 | D:4      | Identified a scroll of acquirement
  2964 | D:4      | Acquired the amulet "Biudghoo" {Faith rElec rF+ Str+3}
  3600 | D:3      | Slain by a black bear

Illustrated notes

Levels and vault maps discovered:
D:1:      dpeg_arrival_boxes_within_box, layout_basic, corner_web_ring
D:2:      layout_basic, basic_altar, minmay_indecisive_spiral, uniq_jessica
D:3:      layout_basic, grunt_temple_overflow_open,
          grunt_temple_overflow_order_and_chaos_1, uniq_sigmund
D:4:      layout_basic, guppyfry_shop_venom

Skill      XL: |  1  2  3  4  5  6 |
---------------+-------------------+-----
Ranged Weapons | 5 6 7 |  7.7
Fighting       | 3 |  3.0
Dodging        | 3 |  3.0
Stealth        | |  1.0

Action                   |  1- 3 |  4- 6 |  7- 9 || total
-------------------------+-------+-------+-------++-------
Melee: Club              |       |       |     2 ||     2
 Fire: Shortbow          |    43 |   107 |    64 ||   214
Invok: Recall Undead Har |       |       |     4 ||     4
  Use: Scroll            |     2 |     4 |     4 ||    10
       Potion            |       |       |     6 ||     6
Armor: Leather armour    |     1 |     6 |       ||     7
       Scale mail        |       |    26 |    58 ||    84
Dodge: Dodged            |     9 |    30 |    53 ||    92

Table legend: (Time is in decaauts)
 A = Elapsed time spent in this place.
 B = Non-inter-level travel time spent in this place.
 C = Inter-level travel time spent in this place.
 D = Time resting spent in this place.
 E = Time spent auto-exploring this place.
 F = Levels seen in this place.
 G = Mean time per level.
                   A        B        C        D        E       F      G
               +--------+--------+--------+--------+--------+-----+--------+
         Total |   3677 |   3591 |     86 |    823 |   2145 |   4 |  919.2 |
       Dungeon |   3677 |   3591 |     86 |    823 |   2145 |   4 |  919.2 |
               +--------+--------+--------+--------+--------+-----+--------+

Top non-repeatable levels by time:
     D:3: 1207 daAuts
     D:2: 993 daAuts
     D:1: 766 daAuts
     D:4: 710 daAuts
